 Dungeon Crawl Stone Soup version bcrawl-1.39.1 (webtiles) character file.

Game seed: 11503886258713197067

223326 Finalfun the Grappler (level 9, -22/71 HPs)
             Began as a White Draconian Fire Elementalist on Sept 20, 2023.
             Was a Believer of Wu Jian.
             Annihilated by a komodo dragon (28 damage)
             ... on level 7 of the Dungeon.
             The game lasted 00:41:41 (8419 turns).

Finalfun the Grappler (DrFE)                        Turns: 8419, Time: 00:41:41

Health: -22/71     AC:  8    Str: 14    XL:     9   Next: 41%
Magic:  10/12      EV: 12    Int: 15    God:    Wu Jian [**....]
Gold:   530        SH:  0    Dex: 12    Spells: 3/12 levels left

rFire    . . .     GDR:     24%   - Fists (15.3)
rCold    + . .     SeeInvis .   (no shield)
rNeg     . . .     Gourm    .   (armour unavailable)
rPois    .         Faith    .   (helmet restricted)
rElec    .         Spirit   .   (no cloak)
rCorr    .         Reflect  .   (no gloves)
MR       .....                  k - +0 pair of boots
Stlth    ++........             (no amulet)
HPRegen  0.21/turn              (no ring)
MPRegen  0.13/turn              (no ring)

@: invisible
A: breathe frost, unfitting armour, cold resistance 1, cold-blooded, AC +7
a: Breathe Frost, Wall Jump, Serpent's Lash, Renounce Religion


You were on level 7 of the Dungeon.
You worshipped Wu Jian.
Wu Jian was pleased with you.
You were hungry.

You visited 2 branches of the dungeon, and saw 8 of its levels.
You also visited: Ossuary.

You collected 530 gold pieces.

Inventory:

Missiles
 a - 1211 stones (quivered)
Armour
 k - a +0 pair of boots (worn)
Jewellery
 v - an uncursed ring of resist corrosion {unknown}
Wands
 b - a wand of flame (4)
 r - a wand of random effects (9)
 s - a wand of acid (7)
Scrolls
 c - a scroll of immolation {unknown}
 f - 3 scrolls of teleportation
 g - 3 scrolls of blinking {unknown}
 i - 3 scrolls of identify
 j - 5 scrolls of remove curse
 n - a scroll of enchant weapon {unknown}
 q - 2 scrolls of revelation {unknown}
 t - 2 scrolls of fear {unknown}
 w - a scroll of enchant armour {unknown}
 x - a scroll of noise {unknown}
Potions
 d - 2 potions of curing
 h - 2 potions of lignification {unknown}
 l - 4 potions of heal wounds {unknown}
 m - a potion of invisibility
 o - 2 potions of degeneration {unknown}
 p - a potion of might {unknown}
 u - a potion of mutation {unknown}
 y - a potion of cancellation {unknown}
 z - a potion of flight {unknown}
Comestibles
 e - 6 rations {!d}


   Skills:
 + Level 3.9 Fighting
 - Level 2.0 Dodging
 - Level 2.0 Stealth
 - Level 10.0 Unarmed Combat
 - Level 2.0 Spellcasting
 - Level 5.0 Conjurations
 - Level 5.0 Fire Magic


You had 3 spell levels left.
You knew the following spells:

 Your Spells              Type           Power        Failure   Level  Hunger
a - Flame Tongue          Conj/Fire      ###..        2%          1    None
b - Fireball              Conj/Fire      ###.......   61%         5    #######
c - Conjure Flame         Conj/Fire      ###.....     9%          3    ####...

Your spell library contained the following spells:

 Spells                   Type           Power        Failure   Level  Hunger
 Magic Dart               Conj           ###.         2%          1    None
 Searing Ray              Conj           ###.....     4%          2    ##.....
 Throw Frost              Conj/Ice       #.....       4%          2    ##.....
 Iskenderun's Mystic Bla  Conj           ###.....     9%          3    ####...
 Flaming Arrows           Chrm/Fire      #.......     12%         2    ##.....
 Apportation              Tloc           #.....       22%         1    None
 Corona                   Hex            #......      22%         1    None
 Freeze                   Ice            #.....       22%         1    None
 Infusion                 Chrm           #.......     22%         1    None
 Sandblast                Erth           #.....       22%         1    None
 Slow                     Hex            #.......     22%         1    None
 Summon Butterflies       Summ           #.......     22%         1    None
 Inner Flame              Hex/Fire       N/A          24%         3    ####...
 Ozocubu's Armour         Chrm/Ice       #.......     54%         3    ####...
 Sticky Flame             Conj/Fire      ###.....     28%         4    ######.
 Fulminant Prism          Conj/Hex       #.........   61%         4    ######.
 Throw Icicle             Conj/Ice       #.......     61%         4    ######.
 Ice Form                 Ice/Tmut       #.......     91%         4    ######.
 Summon Ice Beast         Ice/Summ       #.......     91%         4    ######.
 Irradiate                Conj/Tmut      #.........   91%         5    #######


Dungeon Overview and Level Annotations

Branches:
Dungeon (7/12)             Temple (1/1) D:4
   Lair: D:7-9

Altars:
Ashenzari
Cheibriados
Dithmenos
Elyvilon
Fedhas
Gozag
Hepliaklqana
Kikubaaqudgha
Lugonu
Makhleb
Nemelex Xobeh
Okawaru
Qazlal
Ru
Sif Muna
Trog
Uskayaw
Vehumet
Wu Jian
Xom
Yredelemnul
Zin
The Shining One

Shops:
D:6 :

Annotations:
D:3 Natasha
D:4 Grinder


Innate Abilities, Weirdness & Mutations

You can breathe waves of freezing cold.
You can buffet flying creatures when you breathe cold.
Your icy white scales are hard. (AC +7)
You cannot fit into any form of body armour.
Your flesh is cold resistant. (rC+)
You are cold-blooded and may be slowed by cold attacks.


Message History

Press: ? - help, Dir - move target cursor You feel a little less agile now.
There is an open door here.
You see here a +0 hand axe.
Aiming: Wall Jump
Press: ? - help, Dir - move target cursor You repeatedly attack the komodo dragon from above.
You hit the komodo dragon.
The komodo dragon is lightly wounded.
You hit the komodo dragon.
The komodo dragon is moderately wounded.
You hit the komodo dragon but do no damage.
You tail-slap the komodo dragon.
The komodo dragon is moderately wounded.
The komodo dragon bites you! The komodo dragon bites you!!
* * * LOW HITPOINT WARNING * * *
There is an open door, spattered with blood here.
You fade into invisibility!
The komodo dragon bites you!!
You die...

#################....#..##..##.#
...................####..##..##.#
...................'.............
...................#.............
...................#[............
...................#.............
...................#).(..........
...................###......#####
##.....########@....######......
#.....#...#..#l....# #......
#.....#...#..'.....# #......
#.....#...#.)#.....# #......
#.....#...#..#.....# #......
#........<#..#.....# #......
#.......###..#.....# #......
###########..####### #......
#......# #......


You could see a komodo dragon.

Vanquished Creatures
  A wolf spider zombie (D:7)
  A hippogriff (D:7)
  A meliai zombie (D:7)
  Edmund (D:6)
  A water moccasin (D:7)
  An orc warrior (D:7)
  An ice beast (D:6)
  2 ogres (D:4)
  A bullfrog (D:7)
  3 water moccasin zombies (Ossuary)
  2 orc priests
  A quasit (D:7)
  3 hounds
  A bullfrog zombie (D:7)
  A jelly (D:5)
  2 iguanas
  Terence (D:3)
  Jessica (D:3)
  13 orc wizards
  2 worker ants (D:5)
  2 hound zombies
  2 mummies (Ossuary)
  A howler monkey zombie (D:5)
  6 adders
  4 adder zombies (Ossuary)
  An adder skeleton (D:3)
  7 worms
  4 dart slugs
  4 leopard geckos
  10 orcs
  5 bats
  3 giant cockroaches
  3 gnoll zombies (Ossuary)
  8 goblins
  10 hobgoblins
  7 jackals
  3 quokkas
  A ball python (D:2)
  6 frilled lizards
  5 hobgoblin zombies (Ossuary)
  2 jackal skeletons
  12 kobolds
  9 kobold zombies (Ossuary)
  2 orc zombies (Ossuary)
  6 rats
163 creatures vanquished.

Notes
Turn   | Place    | Note
-------+----------+-------------------------------------------
     0 | D:1      | Finalfun the Draconian Fire Elementalist began the quest
                  | for the Orb.
     0 | D:1      | Reached XP level 1. HP: 14/14 MP: 3/3
   182 | D:1      | Reached skill level 1 in Fighting
   221 | D:1      | Reached XP level 2. HP: 23/23 MP: 0/5
  1042 | D:1      | Learned a level 2 spell: Flaming Arrows
  1049 | D:1      | Reached XP level 3. HP: 30/30 MP: 4/6
  1797 | D:2      | Learned a level 3 spell: Conjure Flame
  2011 | D:2      | Found a glowing silver altar of Zin.
  2011 | D:2      | Found a shattered altar of Ashenzari.
  2017 | D:2      | Found a bloodstained altar of Trog.
  2023 | D:2      | Found an ornate altar of the Wu Jian Council.
  2025 | D:2      | Found a faded altar of an unknown god.
  2159 | D:2      | Reached XP level 4. HP: 37/38 MP: 3/7
  2667 | D:3      | Noticed Jessica
  2673 | D:3      | Noticed Natasha
  3040 | D:3      | Noticed Terence
  3136 | D:3      | Found a faded altar of an unknown god.
  3406 | D:3      | Reached XP level 5. HP: 33/45 MP: 2/8
  3570 | D:3      | Killed Jessica
  3717 | D:3      | Killed Terence
  3895 | D:4      | Found a staircase to the Ecumenical Temple.
  3912 | Temple   | Entered the Ecumenical Temple
  4346 | D:2      | Became a worshipper of the Wu Jian Council
  4436 | D:4      | Found a sand-covered staircase.
  4439 | D:4      | Noticed an ogre
  4442 | Ossuary  | Entered an ossuary
  4499 | Ossuary  | Reached XP level 6. HP: 46/51 MP: 0/9
  4548 | Ossuary  | Reached skill level 1 in Unarmed Combat
  4548 | Ossuary  | Reached skill level 5 in Fire Magic
  4554 | Ossuary  | Learned a level 5 spell: Fireball
  4677 | Ossuary  | Reached skill level 2 in Unarmed Combat
  4819 | Ossuary  | Your scales start taking on an icy white colour.
  4819 | Ossuary  | Reached XP level 7. HP: 57/57 MP: 6/10
  4819 | Ossuary  | Gained mutation: Your flesh is cold resistant. (rC+) [White
                  | Draconian growth]
  4997 | D:4      | Reached skill level 3 in Unarmed Combat
  5058 | D:4      | Reached skill level 5 in Conjurations
  5096 | D:4      | Reached * piety under Wu Jian
  5268 | D:4      | Noticed Grinder
  5272 | D:4      | Paralysed by Grinder for 3 turns
  5285 | D:5      | Entered Level 5 of the Dungeon
  5299 | D:5      | Reached skill level 4 in Unarmed Combat
  5300 | D:5      | Got a warped silver amulet
  5326 | D:5      | Identified the amulet of Heafinuf {Inacc Dex+2} (You found
                  | it on level 5 of the Dungeon)
  6199 | D:6      | Reached skill level 5 in Unarmed Combat
  6199 | D:6      | Reached XP level 8. HP: 41/63 MP: 11/11
  6367 | D:6      | Reached skill level 5 in Fire Magic
  6536 | D:6      | Reached ** piety under Wu Jian
  6717 | D:6      | Reached skill level 6 in Unarmed Combat
  6828 | D:6      | Found Fedeon's Book Shoppe.
  6862 | D:6      | Found a corrupted altar of Lugonu.
  6920 | D:6      | Noticed a troll
  7160 | D:6      | Noticed Edmund
  7188 | D:6      | Killed Edmund
  7330 | D:6      | Reached skill level 7 in Unarmed Combat
  7589 | D:7      | Reached skill level 8 in Unarmed Combat
  7589 | D:7      | Reached XP level 9. HP: 42/69 MP: 7/12
  7756 | D:7      | Reached skill level 9 in Unarmed Combat
  8197 | D:7      | Reached skill level 10 in Unarmed Combat
  8351 | D:7      | Noticed a komodo dragon
  8419 | D:7      | Annihilated by a komodo dragon

Skill      XL: |  1  2  3  4  5  6  7  8  9 |
---------------+----------------------------+-----
Dodging        | 2 |  2.0
Fighting       | 1 2 3 |  3.9
Fire Magic     | 4 4 5 |  5.0
Conjurations   | 2 3 4 5 |  5.0
Unarmed Combat | 2 5 8 10 | 10.0
Stealth        | |  2.0
Spellcasting   | |  2.0

Action                   |  1- 3 |  4- 6 |  7- 9 || total
-------------------------+-------+-------+-------++-------
Melee: Club              |    28 |    12 |       ||    40
       Unarmed           |       |   103 |   329 ||   432
       Tailslap          |       |    16 |    28 ||    44
       Punch             |       |       |     8 ||     8
Throw: Stone             |    60 |    10 |     1 ||    71
 Cast: Flame Tongue      |   102 |   125 |    39 ||   266
       Conjure Flame     |     1 |       |     4 ||     5
 Abil: Whirlwind         |       |    43 |   120 ||   163
       Breathe Frost     |       |       |    29 ||    29
       Lunge             |       |       |     7 ||     7
       Wall Jump         |       |       |    23 ||    23
       Serpent's Lash    |       |       |     1 ||     1
  Use: Scroll            |     2 |     2 |     1 ||     5
       Potion            |       |     1 |     2 ||     3
 Stab: Sleeping          |       |       |     2 ||     2
  Eat: Chunk             |     9 |     8 |    12 ||    29
       Ration            |       |     2 |     3 ||     5
Armor: Skin              |    23 |    43 |   100 ||   166
Dodge: Dodged            |    33 |    78 |   147 ||   258
